 Dungeon Crawl Stone Soup version 0.28-a0-724-g66f9036eb4 (webtiles) character file.

Game seed: 15528116731083326098

755 Crumbo the Conjurer (level 7, -6/36 HPs)
             Began as a Deep Elf Conjurer on Oct 27, 2021.
             Mangled by an orc warrior (19 damage)
             ... on level 5 of the Dungeon.
             The game lasted 00:19:38 (5654 turns).

Crumbo the Conjurer (Deep Elf Conjurer)             Turns: 5654, Time: 00:19:38

Health: -6/36      AC:  4    Str:  4    XL:     7   Next: 49%
Magic:  12/18      EV: 14    Int: 25    God:
Gold:   154        SH:  0    Dex: 19    Spells: 15/18 levels left

rFire   . . .      SeeInvis .   y - staff of conjuration
rCold   . . .      Faith    .   (no shield)
rNeg    . . .      Spirit   .   a - +0 robe
rPois   .          Reflect  .   x - +1 helmet
rElec   .          Harm     .   (no cloak)
rCorr   .          Rampage  .   (no gloves)
Will    .....                   (no boots)
Stlth   +++.......              l - amulet of regeneration
HPRegen 1.12/turn               e - +6 ring of dexterity
MPRegen 0.16/turn               (no ring)

@: no status effects
A: no striking features
a: no special abilities


You were on level 5 of the Dungeon.
You visited 1 branch of the dungeon, and saw 5 of its levels.

You collected 154 gold pieces.

Inventory:

Hand Weapons
 j - a +1 hand axe of draining
 z - a +4 quarterstaff of chaos
Missiles
 g - a throwing net
Armour
 a - a +0 robe (worn)
 x - a +1 helmet (worn)
Magical Staves
 i - a staff of death
 y - a staff of conjuration (weapon)
Jewellery
 e - a +6 ring of dexterity (left hand)
 l - an amulet of regeneration (around neck)
 o - an amulet of guardian spirit
Wands
 d - a wand of flame (20)
 u - a wand of digging (4)
Scrolls
 b - 5 scrolls of identify {unknown}
 f - 2 scrolls of enchant armour {unknown}
 k - a scroll of fear {unknown}
 r - a scroll of vulnerability {unknown}
 s - 2 scrolls of teleportation {unknown}
 t - a scroll of blinking {unknown}
 v - 3 scrolls of fog {unknown}
 B - a scroll of immolation {unknown}
Potions
 c - 4 potions of attraction {unknown}
 h - 2 potions of heal wounds {unknown}
 m - a potion of flight {unknown}
 n - a potion of degeneration {unknown}
 p - 3 potions of curing {unknown}
 q - 2 potions of lignification {unknown}
 w - a potion of ambrosia {unknown}
 A - a potion of brilliance {unknown}


   Skills:
 + Level 3.7 Dodging
 + Level 4.0 Stealth
 + Level 6.3 Spellcasting
 + Level 7.0 Conjurations
 * Level 2.8 Necromancy
 * Level 2.7 Evocations


You had 15 spell levels left.
You knew the following spells:

 Your Spells              Type           Power      Damage    Failure   Level
a - Magic Dart            Conj           100%       1d8       1%          1
b - Searing Ray           Conj           100%       2d8       1%          2

Your spell library contained the following spells:

 Spells                   Type           Power      Damage    Failure   Level
 Pain                     Necr           88%        1d8       2%          1
 Dazzling Flash           Conj/Hex       76%        N/A       4%          3
 Fulminant Prism          Conj/Hex       19%        3d11      17%         4
 Iskenderun's Mystic Bla  Conj/Tloc      38%        2d9       17%         4
 Gell's Gravitas          Tloc           3%         N/A       22%         3
 Inner Flame              Hex/Fire       7%         N/A       22%         3
 Lesser Beckoning         Tloc           7%         N/A       22%         3
 Teleport Other           Tloc           7%         N/A       22%         3
 Cause Fear               Hex            3%         N/A       58%         4
 Discord                  Hex            3%         N/A       100%        8


Dungeon Overview and Level Annotations

Branches:
Dungeon (5/15)
 Temple: D:4-7

Altars:
Hepliaklqana
Kikubaaqudgha
Qazlal
Sif Muna
Vehumet

Shops:
D:4 (

Annotations:
D:5 2 transporters, BlueGoblin's ghost, novice OpCj


Message History

Casting: Magic Dart (safe; 1% risk of failure)
Confirm with . or Enter, or press ? or * to list all spells.
Aiming: Magic Dart (safe; 1% risk of failure)
Press: ? - help, Shift-Dir - straight line, f/p - orc warrior
Aim: an orc warrior, wielding a +0 halberd and wearing a +0 chain mail (lightly wounded, 100% to hit)
You feel a surge of power!
The magic dart hits the orc warrior but does no damage.
The orc warrior is lightly wounded.
Casting: Magic Dart (safe; 1% risk of failure)
Confirm with . or Enter, or press ? or * to list all spells.
You can't see any susceptible monsters within range! (Use Z to cast anyway.) Unknown command.
Casting: Magic Dart (safe; 1% risk of failure)
Confirm with . or Enter, or press ? or * to list all spells.
Aiming: Magic Dart (safe; 1% risk of failure)
Press: ? - help, Shift-Dir - straight line, f/p - orc warrior
Aim: an orc warrior, wielding a +0 halberd and wearing a +0 chain mail (100% to hit)
You feel a surge of power!
The magic dart hits the orc warrior but does no damage.
Casting: Magic Dart (safe; 1% risk of failure)
Confirm with . or Enter, or press ? or * to list all spells.
Aiming: Searing Ray (safe; 1% risk of failure)
Press: ? - help, Shift-Dir - straight line, f/p - orc warrior
Aim: an orc warrior, wielding a +0 halberd and wearing a +0 chain mail (81% to hit)
You feel a surge of power!
The searing ray hits the orc warrior!
The orc warrior is moderately wounded. (Press . to maintain the ray.)
The searing ray misses the orc warrior.
The searing ray hits the orc warrior but does no damage.
The orc warrior is moderately wounded.
The orc warrior hits you from afar with a +0 halberd!
The searing ray hits the orc warrior!
The orc warrior is severely wounded.
You finish channelling your searing ray.
The orc warrior hits you from afar with a +0 halberd!
An orc comes into view. It is wielding a +0 club.
The orc priest shouts!
The orc warrior hits you from afar with a +0 halberd!!
Ouch! That really hurt!
You die...

#.(.............# #
##.o............## #
##.o...#.....[[.# #
##...###........### ###
####..#.##............ # #.#
#.....#.##..........## # #.#
####.###o#........[.....# #
#.####....#.....##...........#
#
#.#....####..@...............#
#
#.........)...................
#...........#.####...........#
###.............<.............
##.#....###....#..[.........
#...#### #....#..........#.
####.##### #.##............#.
♣ #........#
#.###............. ♣
#........# #.# #............)


You could see an orc warrior, an orc priest and an orc (wandering).

Vanquished Creatures
  2 phantoms
  Blork the orc (D:5)
  2 scorpions (D:4)
  A centaur zombie (D:3)
  Crazy Yiuf (D:5)
  2 centaur skeletons (D:5)
  A bullfrog skeleton (D:5)
  An iguana (D:4)
  Natasha (thrice) (D:2)
  An orc wizard (D:5)
  A killer bee zombie (D:5)
  A hound skeleton (D:4)
  Robin (D:4)
  2 adders
  2 ufetubi
  A dart slug (D:3)
  4 orcs
  4 bats
  4 endoplasms
  2 giant cockroaches
  13 goblins
  5 hobgoblins
  8 jackals
  4 kobolds
  2 quokkas (D:3)
  5 ball pythons
  11 frilled lizards
  6 rats
91 creatures vanquished.

Vanquished Creatures (others)
  9 plants (D:4)
9 creatures vanquished.

Grand Total: 100 creatures vanquished

Notes
Turn   | Place    | Note
-------+----------+-------------------------------------------
     0 | D:1      | Crumbo the Deep Elf Conjurer began the quest for the Orb.
     0 | D:1      | Reached XP level 1. HP: 10/10 MP: 6/6
   160 | D:1      | Found a faded altar of an unknown god.
   319 | D:1      | Reached XP level 2. HP: 15/15 MP: 1/8
   595 | D:2      | Noticed Natasha
   600 | D:2      | Killed Natasha
   601 | D:2      | Reached skill level 5 in Conjurations
   601 | D:2      | Reached XP level 3. HP: 19/19 MP: 3/9
   671 | D:2      | Noticed Natasha
   675 | D:2      | Killed Natasha
   838 | D:2      | Noticed Natasha
   843 | D:2      | Killed Natasha
   844 | D:2      | Reached XP level 4. HP: 15/24 MP: 6/11
  1475 | D:2      | Reached skill level 6 in Conjurations
  2128 | D:3      | Reached XP level 5. HP: 12/28 MP: 2/13
  2732 | D:3      | Found a hazy altar of Hepliaklqana.
  2934 | D:3      | Found an ancient bone altar of Kikubaaqudgha.
  2934 | D:3      | Found a shimmering blue altar of Sif Muna.
  2936 | D:3      | Found a radiant altar of Vehumet.
  2940 | D:3      | Got Kikubaaqudgha's Catalogue of Black Rites
  2944 | D:3      | Learned a level 2 spell: Searing Ray
  3611 | D:4      | Reached skill level 1 in Necromancy
  3768 | D:4      | Reached skill level 1 in Evocations
  3898 | D:4      | Reached XP level 6. HP: 32/32 MP: 8/15
  3962 | D:4      | Found a stormy altar of Qazlal.
  3964 | D:4      | Reached skill level 5 in Spellcasting
  3966 | D:4      | Noticed an air elemental
  3966 | D:4      | Noticed a water elemental
  3966 | D:4      | Noticed a fire elemental
  4089 | D:4      | Found Humec's Antique Weapon Emporium.
  4506 | D:4      | Noticed Robin
  4518 | D:4      | Killed Robin
  4851 | D:5      | Entered Level 5 of the Dungeon
  4868 | D:5      | Noticed an orc warrior
  4873 | D:5      | Noticed BlueGoblin's ghost (novice OpCj)
  4883 | D:5      | Found a transporter.
  4892 | D:5      | Noticed a sky beast
  4898 | D:5      | Noticed an orc warrior
  5020 | D:5      | Reached XP level 7. HP: 36/36 MP: 10/17
  5023 | D:5      | Noticed Blork the orc
  5027 | D:5      | Killed Blork the orc
  5126 | D:5      | Found a transporter.
  5272 | D:5      | Found a runed translucent door.
  5273 | D:5      | Noticed Crazy Yiuf
  5337 | D:5      | Killed Crazy Yiuf
  5424 | D:5      | Reached skill level 7 in Conjurations
  5654 | D:5      | Mangled by an orc warrior

Illustrated notes

Levels and vault maps discovered:
D:1:      saegor_arrival_simple_d, layout_rooms,
          chequers_ecumenical_altar_twisty
D:2:      layout_loops_corners, minivault_11, uniq_natasha
D:3:      layout_loops_ring, grunt_temple_overflow_magic_moments,
          lemuel_round_altar
D:4:      layout_basic, nicolae_qazlal_style_of_elements, serial_shops,
          kennysheep_little_box, minmay_lizard_king, uniq_robin
D:5:      layout_rooms, nicolae_gozag_cash_rules_everything_around_me,
          gammafunk_ghost_arena, minmay_misc_feat_plants, grunt_tough_drop,
          uniq_crazy_yiuf_cottage, uniq_blork_the_orc

Skill      XL: |  1  2  3  4  5  6  7 |
---------------+----------------------+-----
Conjurations   | 5 6 7 |  7.0
Stealth        | 3 4 |  4.0
Spellcasting   | 4 5 6 |  6.3
Dodging        | 3 |  3.7
Necromancy     | 1 2 |  2.8
Evocations     | 1 2 |  2.7

Action                   |  1- 3 |  4- 6 |  7- 9 || total
-------------------------+-------+-------+-------++-------
Melee: Staff             |       |     1 |       ||     1
 Cast: Magic Dart        |    40 |   164 |    20 ||   224
       Searing Ray       |       |     6 |     5 ||    11
Armor: Robe              |     1 |    13 |     1 ||    15
Dodge: Dodged            |     5 |    62 |    13 ||    80

Table legend: (Time is in decaauts)
 A = Elapsed time spent in this place.
 B = Non-inter-level travel time spent in this place.
 C = Inter-level travel time spent in this place.
 D = Time resting spent in this place.
 E = Time spent auto-exploring this place.
 F = Levels seen in this place.
 G = Mean time per level.
                   A        B        C        D        E       F      G
               +--------+--------+--------+--------+--------+-----+--------+
         Total |   5662 |   5662 |      0 |    285 |   4365 |   5 | 1132.4 |
       Dungeon |   5662 |   5662 |      0 |    285 |   4365 |   5 | 1132.4 |
               +--------+--------+--------+--------+--------+-----+--------+

Top non-repeatable levels by time:
     D:4: 1819 daAuts
     D:2: 1449 daAuts
     D:3: 1090 daAuts
     D:5: 710 daAuts
     D:1: 592 daAuts
